 Dungeon Crawl Stone Soup version 0.21-a0-132-g076efaf (webtiles) character file.

35697 4thArraOfDagon the Basher (level 14, -15/97 HPs)
             Began as a Halfling Wanderer on July 16, 2017.
             Was an Elder of the Shining One.
             Killed from afar by Frances (19 damage)
             ... with a shard of ice
             ... on level 13 of the Dungeon on July 17, 2017.
             The game lasted 00:40:41 (10032 turns).

4thArraOfDagon the Basher (Halfling Wanderer)      Turns: 10032, Time: 00:40:42

Health: -15/97     AC:  8    Str: 12    XL:     14   Next: 19%
Magic:  21/21      EV:  3    Int: 17    God:    the Shining One [****..]
Gold:   876        SH:  0    Dex: 13    Spells: 13/13 levels left

rFire    . . .     SeeInvis .   e - +3 morningstar
rCold    . . .     Gourm    .   (shield restricted)
rNeg     + + +     Faith    .   T - +0 troll leather armour
rPois    ∞         Spirit   .   (no helmet)
rElec    .         Reflect  .   v - scarf {cloud immunity}
rCorr    .         Harm     .   I - +0 pair of gloves
MR       +....                  Y - +0 pair of boots {run}
Stlth    +.........             s - amulet of regeneration
HPRegen  0.00/turn              j - +3 ring of slaying
MPRegen  0.17/turn              P - +5 ring of evasion

@: lethally poisoned (-15 -> -15), petrified, glowing, studying Transmutations,
quick
A: deterioration 1, mutation resistance 1, inhibited regeneration, subdued magic
1, sturdy frame 2
a: Divine Shield, Cleansing Flame, Renounce Religion


You were on level 13 of the Dungeon.
You worshipped the Shining One.
The Shining One was greatly pleased with you.
You were not hungry.

You visited 1 branch of the dungeon, and saw 15 of its levels.

You collected 876 gold pieces.

Inventory:

Hand Weapons
 a - a +3 mace
 e - a +3 morningstar (weapon)
Armour
 c - a +0 robe
 i - a +0 scale mail
 v - a scarf of cloud immunity (worn)
 w - a +0 pair of boots
 x - a +1 pair of boots
 I - a +0 pair of gloves (worn)
 R - a scarf of spirit shield
 T - a +0 troll leather armour (worn)
 Y - a +0 pair of boots of running (worn)
Magical Staves
 y - an uncursed staff of summoning {unknown}
 J - an uncursed staff of cold
Jewellery
 f - an uncursed ring of resist corrosion
 g - a +2 ring of dexterity
 j - a +3 ring of slaying (left hand)
 l - a -5 ring of dexterity
 q - a +2 amulet of reflection
 s - an amulet of regeneration (around neck)
 u - an uncursed amulet of the gourmand
 D - a cursed -2 ring of strength {unknown}
 F - an uncursed ring of magical power
 P - a +5 ring of evasion (right hand)
 Q - a +3 amulet of reflection
 Z - a +6 ring of dexterity
Wands
 k - a wand of digging (8/24)
 n - a wand of iceblast (0/15)
 A - a wand of digging (7/24)
 N - a wand of disintegration (10/24)
 V - a wand of lightning (8/15)
 X - a wand of polymorph (5/24)
Scrolls
 b - a scroll of teleportation
 m - 3 scrolls of magic mapping {unknown}
 o - 2 scrolls of remove curse
 p - a scroll of recharging
 B - 6 scrolls of enchant armour {unknown}
 K - 2 scrolls of fear {unknown}
 L - 2 scrolls of amnesia
 U - a scroll of enchant weapon
 W - a scroll of fog
Potions
 r - a potion of curing
 t - 2 potions of berserk rage
 z - 2 potions of flight
 C - a potion of brilliance
 E - 2 potions of mutation {unknown}
 G - a potion of degeneration {unknown}
 M - 2 potions of resistance {unknown}
Books
 O - a manual of Transmutations
Miscellaneous
 H - a phial of floods
Comestibles
 d - 10 bread rations
 h - 6 meat rations
 S - 4 chunks of flesh


   Skills:
 + Level 9.3 Fighting
 * Level 13.2 Maces & Flails
 + Level 10.6 Armour
 + Level 9.6 Dodging
 - Level 1.1 Stealth
 + Level 10.5 Invocations
 - Level 1.0 Evocations


You had 13 spell levels left.
You didn't know any spells.

Dungeon Overview and Level Annotations

Branches:
Dungeon (15/15)            Temple (0/1) D:6             Orc (0/2) D:9
   Lair: D:8-11      Vaults: D:13-14     Depths: D:15

Altars:
Cheibriados
Kikubaaqudgha
Nemelex Xobeh
Vehumet
Wu Jian
Xom
Yredelemnul
The Shining One
Beogh

Shops:
D:6 (*[(   D:15 (

Annotations:
D:7 Prince Ribbit
D:13 Frances; Rupert; grindst0ne's ghost, journeyman VSAs
D:14 Sonja


Innate Abilities, Weirdness & Mutations

You are small and have problems with some larger weapons.
You are somewhat resistant to further mutation.
Your body sometimes deteriorates upon taking damage.
You do not regenerate when monsters are visible.
Your spells are a little easier to cast, but a little less powerful.
Your movements are less encumbered by armour. (ER -4)


Message History

The sixfirhy hits you but does no damage.
The sixfirhy disappears in a puff of smoke!
The orange demon barely misses you. Frances hits you with a hand axe!!
* * * LOW HITPOINT WARNING * * *
Frances hits you with a hand axe!
* * * LOW HITPOINT WARNING * * *
The orange demon stings you from afar!
* * * LOW HITPOINT WARNING * * *
The two-headed ogre hits you with a giant spiked club.
* * * LOW HITPOINT WARNING * * *
The two-headed ogre hits you with a giant club!
* * * LOW HITPOINT WARNING * * *
Frances says, "I value strength and power.
I see none of this in you." Frances hits you but does no damage.
The orange demon stings you from afar!
* * * LOW HITPOINT WARNING * * *
The soldier ant barely misses you.
Frances chants phrases taken from a devil's mouth.
Helpless, you fail to dodge the shard of ice.
You die...

#................
#................
#................
#................
#................
#................ #
#..............#....## #
#........a.§..## ....## #
#........@.4.## ##....## .
##.......O@§..###......#..
##......4.....#..........
##......................
##.....................
##....................
##...................
##..................
##....@4...........


You could see Frances, a two-headed ogre, an orange demon, an ice devil and a
soldier ant.

Vanquished Creatures
  Erica (D:10)
  4 centaur warriors
  10 two-headed ogres
  2 tengu warriors (D:12)
  5 skeletal warriors (D:14)
  An unseen horror (D:12)
  An orc knight (D:14)
  A cyclops (D:15)
  9 ugly things
  3 manticores (D:14)
  Maurice (D:9)
  A yaktaur (shapeshifter) (D:11)
  3 trolls
  4 hippogriffs
  A slime creature (D:15)
  A vampire (D:14)
  3 wyverns
  22 yaks
  A tarantella (shapeshifter) (D:15)
  A wraith (D:11)
  Menkaure (D:5)
  4 vampire mosquitoes (D:14)
  A soldier ant (shapeshifter) (D:15)
  3 ice beasts
  7 orc warriors
  3 sky beasts
  An eye of draining (D:8)
  4 ogres
  4 boggarts (D:14)
  8 centaurs
  7 bullfrogs
  2 big kobolds
  A gnoll sergeant (D:11)
  A wyvern zombie (D:12)
  3 scorpions
  A wyvern skeleton (D:8)
  21 killer bees
  14 wights
  3 howler monkeys (D:10)
  6 crimson imps
  2 bullfrog zombies
  6 centaur zombies
  5 hounds
  7 orc wizards
  8 orc priests
  3 jellies
  6 centaur skeletons
  6 iguanas
  6 worker ants
  A hound zombie (D:11)
  2 hound skeletons
  7 gnolls
  10 adders
  3 shadow imps
  3 adder skeletons
  2 worms
  8 leopard geckos
  39 orcs
  4 ball pythons
  6 giant cockroaches
  3 goblins
  5 hobgoblins
  13 jackals
  10 quokkas
  6 bats
  2 frilled lizards (D:3)
  A giant cockroach zombie (D:6)
  A jackal zombie (D:7)
  16 kobolds
  8 rats
369 creatures vanquished.

Vanquished Creatures (others)
  5 dream sheep (D:9)
  19 bushes (D:10)
24 creatures vanquished.

Grand Total: 393 creatures vanquished

Notes
Turn   | Place    | Note
-------+----------+-------------------------------------------
     0 | D:1      | 4thArraOfDagon the Halfling Wanderer began the quest for the Orb.
     0 | D:1      | 4thArraOfDagon set off with: a +2 mace, 2 potions of lignification, a +0 robe, a bread ration
     0 | D:1      | Reached XP level 1. HP: 15/15 MP: 1/1
   179 | D:1      | You fall through a shaft!
   512 | D:2      | Reached XP level 2. HP: 20/20 MP: 2/2
   602 | D:2      | Reached skill level 4 in Maces & Flails
   723 | D:2      | Reached XP level 3. HP: 19/25 MP: 3/3
   727 | D:2      | Found a glowing golden altar of the Shining One.
   731 | D:2      | Found an ancient bone altar of Kikubaaqudgha.
   731 | D:2      | Found a snail-covered altar of Cheibriados.
   739 | D:2      | Found a radiant altar of Vehumet.
   739 | D:2      | Found a basalt altar of Yredelemnul.
   754 | D:2      | Became a worshipper of the Shining One
  1015 | D:3      | Reached XP level 4. HP: 29/30 MP: 4/4
  1412 | D:4      | Reached skill level 1 in Invocations
  1412 | D:4      | Reached XP level 5. HP: 36/36 MP: 5/5
  1419 | D:4      | Noticed an ogre
  2082 | D:4      | Reached skill level 5 in Maces & Flails
  2088 | D:4      | Reached XP level 6. HP: 42/42 MP: 7/7
  2305 | D:4      | Reached XP level 7. HP: 27/46 MP: 8/8
  2616 | D:4      | Reached skill level 6 in Maces & Flails
  2658 | D:5      | Entered Level 5 of the Dungeon
  2699 | D:5      | Found an ornate altar of the Wu Jian Council.
  2847 | D:6      | Found Papsuep's Armour Boutique.
  2895 | D:6      | Found Biakaymm's Weapon Shoppe.
  2904 | D:6      | Reached * piety under the Shining One
  2916 | D:6      | Reached XP level 8. HP: 46/54 MP: 10/10
  3099 | D:6      | Found Plog's Weapon Boutique.
  3115 | D:6      | Found Nevesing's General Store.
  3118 | D:6      | Upgraded the game from 0.21-a0-128-gf2b353c to 0.21-a0-132-g076efaf
  3152 | D:6      | Found a snail-covered altar of Cheibriados.
  3180 | D:5      | Noticed Menkaure
  3184 | D:5      | Killed Menkaure
  3238 | D:6      | Found a staircase to the Ecumenical Temple.
  3376 | D:5      | Reached skill level 7 in Maces & Flails
  3403 | D:5      | Reached skill level 1 in Dodging
  3687 | D:7      | Reached skill level 5 in Armour
  3745 | D:7      | Found a shimmering altar of Xom.
  3780 | D:7      | Reached XP level 9. HP: 47/59 MP: 12/12
  3785 | D:7      | Noticed Prince Ribbit
  3960 | D:8      | Reached ** piety under the Shining One
  4234 | D:8      | Reached skill level 5 in Invocations
  4338 | D:8      | Found a sparkling altar of Nemelex Xobeh.
  4338 | D:8      | Found a transporter.
  4339 | D:8      | Noticed a fire dragon
  4402 | D:8      | Noticed a two-headed ogre
  4415 | D:9      | Noticed Maurice
  4441 | D:9      | Killed Maurice
  4441 | D:9      | Reached skill level 5 in Fighting
  4441 | D:9      | Reached skill level 8 in Maces & Flails
  4469 | D:9      | Found a staircase to the Orcish Mines.
  4481 | D:9      | Found a shimmering altar of Xom.
  4582 | D:9      | Noticed a troll
  4594 | D:9      | Killed a troll
  4765 | D:9      | Found a transporter.
  4798 | D:8      | Reached XP level 10. HP: 45/66 MP: 14/14
  4942 | D:8      | Reached *** piety under the Shining One
  5113 | D:10     | Entered Level 10 of the Dungeon
  5144 | D:10     | Reached skill level 9 in Maces & Flails
  5416 | D:10     | Reached skill level 5 in Dodging
  5517 | D:10     | Noticed Erica
  6065 | D:11     | Reached XP level 11. HP: 57/72 MP: 16/16
  6289 | D:12     | Noticed an unseen horror
  6295 | D:12     | Killed an unseen horror
  6295 | D:12     | Reached skill level 10 in Maces & Flails
  6311 | D:12     | Identified a +0 pair of boots of running (You found it on level 12 of the Dungeon)
  6497 | D:12     | Reached **** piety under the Shining One
  6578 | D:12     | Noticed a two-headed ogre
  6578 | D:12     | Noticed a two-headed ogre
  6579 | D:12     | Noticed a five-headed hydra
  6770 | D:11     | Noticed a purple ugly thing
  6779 | D:11     | Killed a purple ugly thing
  7063 | D:12     | Noticed a two-headed ogre
  7089 | D:12     | Noticed a green ugly thing
  7099 | D:12     | Killed a green ugly thing
  7162 | D:12     | Killed a two-headed ogre
  7201 | D:12     | Noticed a tengu warrior
  7253 | D:11     | Reached XP level 12. HP: 51/81 MP: 18/18
  7343 | D:10     | Killed Erica
  7362 | D:10     | Noticed a two-headed ogre
  7363 | D:10     | Reached skill level 11 in Maces & Flails
  7391 | D:10     | Killed a two-headed ogre
  7598 | D:9      | Found a roughly hewn altar of Beogh.
  7608 | D:9      | Noticed a two-headed ogre
  7617 | D:9      | Killed a two-headed ogre
  7671 | D:9      | Found a transporter.
  7741 | D:12     | Noticed a tengu warrior
  7760 | D:12     | Killed a tengu warrior
  7770 | D:12     | Noticed a centaur warrior
  7780 | D:12     | Killed a two-headed ogre
  7786 | D:12     | Killed a centaur warrior
  7808 | D:12     | Killed a tengu warrior
  8193 | D:13     | Noticed Rupert
  8274 | D:14     | Noticed a two-headed ogre
  8284 | D:14     | Killed a two-headed ogre
  8322 | D:14     | Reached XP level 13. HP: 76/88 MP: 19/19
  8398 | D:14     | Reached skill level 12 in Maces & Flails
  8428 | D:14     | Noticed a centaur warrior
  8461 | D:14     | Killed a centaur warrior
  8587 | D:14     | Identified a scroll of acquirement
  8634 | D:14     | Noticed a centaur warrior
  8634 | D:14     | Reached skill level 10 in Armour
  8788 | D:14     | Noticed Sonja
  8834 | D:14     | Noticed a centaur warrior
  8856 | D:14     | Killed a centaur warrior
  8856 | D:14     | Reached skill level 10 in Invocations
  8974 | D:15     | Entered Level 15 of the Dungeon
  9116 | D:15     | Noticed a seven-headed hydra
  9146 | D:15     | Noticed a centaur warrior
  9169 | D:15     | Killed a centaur warrior
  9201 | D:15     | Found Ipi Uhoh's Weapon Boutique.
  9460 | D:15     | Gained mutation: Your movements are slightly less encumbered by armour. (ER -2) [mutagenic meat]
  9583 | D:15     | Reached skill level 13 in Maces & Flails
  9583 | D:15     | Reached XP level 14. HP: 71/97 MP: 21/21
  9673 | D:15     | Gained mutation: You do not regenerate when monsters are visible. [mutagenic meat]
  9674 | D:15     | Gained mutation: Your movements are less encumbered by armour. (ER -4) [mutagenic meat]
  9678 | D:15     | Gained mutation: Your spells are a little easier to cast, but a little less powerful. [mutagenic meat]
  9941 | D:13     | Gained mutation: Your body sometimes deteriorates upon taking damage. [mutagenic meat]
  9997 | D:13     | Noticed Frances
 10007 | D:13     | Noticed grindst0ne's ghost (journeyman VSAs)
 10032 | D:13     | HP: 4/97 [orange demon[Frances] (4)]
 10032 | D:13     | Killed from afar by Frances

Vault maps used:
D:1:      lemuel_arrival_room, roderic_nine_men_s_morris, minmay_tripent
D:2:      marbit_many_paths, minmay_overflow_temple_star_hex,
          minmay_rat_gold_closets
D:3:      minmay_statues_item
D:4:      first_bread
D:5:      lemuel_round_altar, serial_glass, glass_columns_a, glass_columns_a,
          glass_columns_a, glass_columns_b, glass_columns_c, glass_columns_b,
          glass_columns_a, glass_columns_a, glass_columns_b, glass_columns_b,
          kennysheep_generic_room_15, uniq_crazy_yiuf_cottage, uniq_menkaure
D:6:      minmay_temple_entry_statues_pillars, serial_shops, shop,
          kennysheep_little_box, kennysheep_mini_moat, shop, shop,
          cheibriados_altar_1
D:7:      basic_altar, uniq_prince_ribbit1
D:8:      lair_entry_dummy, grunt_nemelex_the_gamble
D:9:      gammafunk_beogh_shrine, kb_xom_exploding_sheep,
          lemuel_coloured_pillars_altar, orc_0_dummy, uniq_maurice
D:10:     grunt_ogre_cave, minmay_hedge_maze, uniq_erica
D:13:     kennysheep_small_spiral, uniq_rupert, uniq_frances
D:14:     hangedman_vaults_entry_quadrant_bands, solitary_fountain, uniq_sonja
D:15:     gammafunk_enter_depths_forms, minmay_fountain_box, serial_shops,
          nicolae_shop_stone

Skill      XL: |  1  2  3  4  5  6  7  8  9 10 11 12 13 |
---------------+----------------------------------------+-----
Maces & Flails | 4 5 6 7 8 9 10 11 13 | 13.2
Armour         | 2 3 4 5 6 7 8 9 10 | 10.6
Fighting       | 3 4 5 6 7 8 9 |  9.3
Invocations    | 1 2 3 4 5 6 8 9 10 | 10.5
Dodging        | 1 3 5 6 8 9 |  9.6
Stealth        | |  1.1
Evocations     | |  1.0

Action                   |  1- 3 |  4- 6 |  7- 9 | 10-12 | 13-15 || total
-------------------------+-------+-------+-------+-------+-------++-------
Melee: Mace              |    56 |   118 |    50 |       |       ||   224
       Morningstar       |       |       |   166 |   574 |   362 ||  1102
Throw: Throwing net      |       |       |       |       |     1 ||     1
Invok: Divine Shield     |       |       |     1 |     9 |     7 ||    17
       Cleansing Flame   |       |       |       |       |     4 ||     4
Evoke: Wand              |       |       |     3 |     2 |     2 ||     7
  Use: Scroll            |       |     7 |     4 |     7 |     8 ||    26
       Potion            |       |     4 |     4 |     6 |     3 ||    17
  Eat: Chunk             |       |     1 |     5 |    12 |    17 ||    35
       Meat ration       |       |     1 |       |       |       ||     1
       Fruit             |       |       |     2 |     1 |       ||     3
       Royal jelly       |       |       |       |     3 |     1 ||     4
Armor: Scale mail        |    19 |    29 |    84 |    45 |       ||   177
       Skin              |       |    61 |       |     9 |       ||    70
       Troll leather arm |       |       |       |    54 |    40 ||    94
Dodge: Dodged            |    37 |    59 |   127 |   405 |   265 ||   893
Block: Other             |       |    13 |    24 |   146 |   124 ||   307
       Reflection        |       |       |     1 |     4 |     3 ||     8
